 Dungeon Crawl Stone Soup version 0.22.1-1-ga44c0e56f4 (webtiles) character file.

74 Kaderl the Firebug (level 4, 0/30 HPs)
             Began as a Human Fire Elementalist on Sept 22, 2018.
             Slain by a frilled lizard (1 damage)
             ... in a sewer.
             The game lasted 00:08:09 (2013 turns).

Kaderl the Firebug (Human Fire Elementalist)        Turns: 2013, Time: 00:08:10

Health: 0/30       AC:  2    Str:  8    XL:     4   Next: 54%
Magic:  0/7        EV: 10    Int: 16    God:
Gold:   94         SH:  0    Dex: 14    Spells: 2/8 levels left

rFire    . . .     SeeInvis .   (no weapon)
rCold    . . .     Gourm    .   (no shield)
rNeg     . . .     Faith    .   h - +0 robe
rPois    .         Spirit   .   (no helmet)
rElec    .         Reflect  .   (no cloak)
rCorr    .         Harm     .   (no gloves)
MR       +....                  (no boots)
Stlth    ++........             (no amulet)
HPRegen  0.10/turn              a - ring of protection from magic
MPRegen  0.10/turn              (no ring)

@: very slightly contaminated, constricted
A: no striking features
a: no special abilities


You were in a sewer.
You were not hungry.

You visited 1 branch of the dungeon, and saw 3 of its levels.
You also visited: Sewer.

You collected 94 gold pieces.

Inventory:

Armour
 h - a +0 robe (worn)
Jewellery
 a - a ring of protection from magic (left hand)
Potions
 b - a potion of agility {unknown}
 d - 4 potions of curing
 e - a potion of haste {unknown}
 f - a potion of heal wounds {unknown}
 g - a potion of brilliance {unknown}
 k - a potion of berserk rage {unknown}
 l - 3 potions of lignification {unknown}
Comestibles
 c - 4 rations


   Skills:
 + Level 2.5 Dodging
 + Level 2.2 Stealth
 + Level 2.6 Spellcasting
 + Level 1.4 Conjurations
 + Level 4.0 Fire Magic


You had 2 spell levels left.
You knew the following spells:

 Your Spells              Type           Power        Failure   Level  Hunger
a - Flame Tongue          Conj/Fire      ##...        6%          1    #......
b - Throw Flame           Conj/Fire      ##....       10%         2    ##.....
c - Inner Flame           Hex/Fire       #.......     26%         3    ###....

Your spell library contained the following spells:

 Spells                   Type           Power        Failure   Level  Hunger
 Beastly Appendage        Tmut           #.....       21%         1    #......
 Sticks to Snakes         Tmut           #.......     30%         2    ##.....
 Conjure Flame            Conj/Fire      ##......     19%         3    ###....
 Spider Form              Tmut/Pois      #.........   52%         3    ###....
 Sticky Flame             Conj/Fire      ##......     54%         4    #####..
 Fireball                 Conj/Fire      ##........   87%         5    ######.
 Ice Form                 Ice/Tmut       #.......     89%         4    #####..
 Blade Hands              Tmut           #.........   99%         5    ######.


Dungeon Overview and Level Annotations

Branches:
Dungeon (3/15)

Altars:


Message History

The ball python constricts you. The frilled lizard barely misses you.
You completely miss the ball python.
The ball python is moderately wounded.
The ooze jiggles.
The ball python bites you.
* * * LOW HITPOINT WARNING * * *
The ball python constricts you. The frilled lizard bites you.
* * * LOW HITPOINT WARNING * * *
Unknown command.
Casting: Flame Tongue (safe; 6% risk of failure)
Confirm with . or Enter, or press ? or * to list all spells.
Aiming: Flame Tongue (safe; 6% risk of failure)
Press: ? - help, Shift-Dir - straight line, f - ball python
Aim: a ball python (moderately wounded, constricting you)
The flame tongue hits the ball python.
The ball python is severely wounded.
The ball python bites you.
* * * LOW HITPOINT WARNING * * *
The ball python constricts you. The frilled lizard bites you.
You die...

##
#∩##
#≈≈#
#≈@##
##Sl#
#J∩#
#≈.#
##.#
#≈.
#≈≈#
#≈.#
#≈≈#


You could see an ooze, a ball python and a frilled lizard.

Vanquished Creatures
  2 adders
  A river rat (D:3)
  An ooze (D:2)
  3 dart slugs (D:1)
  A leopard gecko (D:2)
  An orc (D:2)
  2 giant cockroaches (D:1)
  A hobgoblin (D:2)
  A ball python (D:3)
  6 bats
  4 frilled lizards
  8 goblins
  3 kobolds
  6 rats
40 creatures vanquished.

Notes
Turn   | Place    | Note
-------+----------+-------------------------------------------
     0 | D:1      | Kaderl the Human Fire Elementalist began the quest for the
                  | Orb.
     0 | D:1      | Reached XP level 1. HP: 13/13 MP: 3/3
   112 | D:1      | Reached XP level 2. HP: 19/19 MP: 3/5
   423 | D:1      | Reached XP level 3. HP: 24/24 MP: 3/6
   427 | D:1      | Learned a level 2 spell: Throw Flame
   431 | D:1      | Learned a level 3 spell: Inner Flame
  1621 | D:2      | Reached XP level 4. HP: 30/30 MP: 1/7
  1926 | D:3      | Found a glowing drain.
  1947 | D:3      | Reached skill level 4 in Fire Magic
  2002 | Sewer    | Entered a sewer
  2013 | Sewer    | HP: 1/30 [ball python (2)]
  2013 | Sewer    | Slain by a frilled lizard

Skill      XL: |  1  2  3  4 |
---------------+-------------+-----
Fire Magic     | 4 |  4.0
Dodging        | |  2.5
Stealth        | |  2.2
Spellcasting   | |  2.6
Conjurations   | |  1.4

Action                   |  1- 3 |  4- 6 || total
-------------------------+-------+-------++-------
Melee: Unarmed           |     3 |     6 ||     9
 Cast: Flame Tongue      |    50 |    13 ||    63
       Throw Flame       |     3 |       ||     3
       Inner Flame       |     1 |     1 ||     2
  Use: Scroll            |     5 |     1 ||     6
 Stab: Sleeping          |     1 |       ||     1
  Eat: Ration            |     1 |     1 ||     2
Armor: Robe              |     3 |       ||     3
Dodge: Dodged            |     8 |    16 ||    24
